 Dungeon Crawl Stone Soup version 0.31.0-12-g77e489cdc1 (webtiles) character file.

Game seed: 1018686015132431480

35 Peloso the Covered (level 3, -2/33 HPs)
             Began as a Minotaur Fighter on Feb 17, 2024.
             Killed from afar by an orc wizard (6 damage)
             ... with a magic dart
             ... on level 2 of the Dungeon.
             The game lasted 00:03:46 (1972 turns).

Peloso the Covered (Minotaur Fighter)               Turns: 1972, Time: 00:03:46

Health: -2/33      AC: 10    Str: 20    XL:     3   Next: 16%
Magic:  2/2        EV:  7    Int:  5    God:
Gold:   71         SH:  0    Dex: 11    Spells: 2/2 levels left

rFire   . . .        a - +0 long sword
rCold   . . .        d - +0 buckler
rNeg    . . .        i - +0 chain mail
rPois   .            (helmet restricted)
rElec   .            c - +0 cloak
rCorr   .            (no gloves)
SInv    .            (no boots)
Will    .....        (no amulet) Stlth
                     (no ring)
HPRegen 0.25/turn    (no ring)
MPRegen 0.08/turn

%: no passive effects
@: confused
A: horns 2, retaliatory headbutt
a: no special abilities


You were on level 2 of the Dungeon.
You visited 1 branch of the dungeon, and saw 3 of its levels.

You collected 71 gold pieces.

Inventory:

Hand Weapons
 a - a +0 long sword (weapon)
Armour
 b - a +0 scale mail
 c - a +0 cloak (worn)
 d - a +0 buckler (worn)
 i - a +0 chain mail (worn)
Scrolls
 e - a scroll of blinking
 g - a scroll of enchant weapon {unknown}
 h - a scroll of revelation
 j - a scroll of torment {unknown}
 k - a scroll of identify
Potions
 f - a potion of might
 l - a potion of resistance


   Skills:
 + Level 4.1 Fighting
 + Level 2.9 Long Blades
 + Level 4.2 Armour
 + Level 0.1 Dodging
 + Level 4.0 Shields


You had 2 spell levels left.
You didn't know any spells.
Your spell library was empty.

Dungeon Overview and Level Annotations

Branches:
Dungeon (3/15)

Altars:
Cheibriados


Innate Abilities, Weirdness & Mutations

You have a pair of horns on your head.
You reflexively headbutt those who attack you in melee.


Message History

You hear some strange, mumbled words.
A puff of flame appears from out of thin air!
The puff of flame misses you.
You barely miss something. Something hits you but does no damage.
You hit something. Something hits you.
* * * LOW HITPOINT WARNING * * *
You hit something but do no damage. Something hits you but does no damage.
You closely miss something. Your headbutt misses something.
You hear some strange, mumbled words.
A magic dart appears from out of thin air!
The magic dart hits you.
* * * LOW HITPOINT WARNING * * *
You hear some strange, mumbled words.
You are confused.
Okay, then.
You miss something. Something hits you but does no damage. Something hits you.
* * * LOW HITPOINT WARNING * * *
Something hits you but does no damage.
Things that are here:
a +0 short sword; a +0 leather armour You completely miss something.
You hear some strange, mumbled words.
A magic dart appears from out of thin air!
The magic dart hits you but does no damage.
You feel less confused.
An orc wizard appears from thin air!
Reactivating autopickup.
The orc wizard gestures at you while chanting.
You are confused.
Unknown command.
You barely miss the orc wizard.
The orc wizard is almost dead.
The orc wizard hits you but does no damage.
Unknown command.
You miss the orc wizard.
The orc wizard is almost dead.
The orc wizard gestures at you while chanting.
The magic dart hits you.
You die...

#... ##'## #....
#.... ##### #....
#...# #.... ####
#...# #.... #>o###
#...# #.... #.)@.#
#...# #....
#....###...#####....
#....'.....'........
#....###...#####....
#..(.# #...# #.?..
#....# #...# ##'#.
#....###...## #.#.
#....##.....# ###'#.
#.#####.....# #.....


You could see an orc wizard.

Vanquished Creatures
  An orc (D:2)
  4 endoplasms
  3 goblins (D:2)
  A hobgoblin (D:1)
  2 jackals (D:2)
  2 quokkas
  3 ball pythons
  3 bats
  5 frilled lizards
  5 kobolds
  A rat (D:3)
30 creatures vanquished.

Notes
Turn   | Place    | Note
-------+----------+-------------------------------------------
     0 | D:1      | Peloso the Minotaur Fighter began the quest for the Orb.
     0 | D:1      | Reached XP level 1. HP: 19/19 MP: 0/0
   557 | D:1      | Reached XP level 2. HP: 26/27 MP: 1/1
  1506 | D:2      | Reached XP level 3. HP: 33/33 MP: 2/2
  1682 | D:2      | Found a snail-covered altar of Cheibriados.
  1792 | D:2      | Found a faded altar of an unknown god.
  1972 | D:2      | Killed from afar by an orc wizard

Illustrated notes

Levels and vault maps discovered:
D:1:      reono_arrival_mine, layout_basic, chequers_big_river
D:2:      layout_basic, hellmonk_ecumenical_altar_crossroads, basic_altar,
          kennysheep_generic_room_6
D:3:      layout_basic, grunt_decor_one_mirror, uniq_terence, uniq_jessica,
          uniq_crazy_yiuf_cottage

Skill      XL: |  1  2 |
---------------+-------+-----
Fighting       | 4 |  4.1
Armour         | 4 |  4.2
Shields        | 4 |  4.0
Long Blades    | |  2.9
Dodging        | |  0.1

Action                     || total
---------------------------++-------
  Melee: Long sword        ||   101
         Headbutt          ||     8
    Use: Potion            ||     2
         Scroll            ||     4
 Armour: Chain mail        ||    92
         Scale mail        ||     2
  Dodge: Dodged            ||    34
  Block: Buckler           ||    24
